 Dungeon Crawl Stone Soup version bcrawl-1.12-8-g964540c432 (webtiles) character file.

Game seed: 4097663231341040366

1496 Freyura the Covert (level 8, -4/54 HPs)
             Began as a Dusk Walker Rogue on June 6, 2019.
             Was an Initiate of Dithmenos.
             Slain by a two-headed ogre
             ... wielding a +0 giant club
              (17 damage)
             ... on level 6 of the Dungeon.
             The game lasted 00:24:04 (4666 turns).

Freyura the Covert (Dusk Walker Rogue)              Turns: 4666, Time: 00:24:05

Health: -4/54      AC:  8    Str: 15    XL:     8   Next: 51%
Magic:  9/9        EV: 15    Int: 12    God:    Dithmenos [......]
Gold:   171        SH:  0    Dex: 16    Spells: 7/7 levels left

rFire    . . .     SeeInvis .   a - +3 dagger
rCold    + . .     Gourm    .   (no shield)
rNeg     . . .     Faith    .   c - +0 robe
rPois    .         Spirit   .   x - +1 hat
rElec    .         Reflect  .   d - +1 cloak
rCorr    .         Harm     .   o - +2 pair of gloves {Str+3}
MR       +....                  (no boots)
Stlth    ++++++....             (no amulet)
HPRegen  0.18/turn              z - ring of protection from cold
MPRegen  0.11/turn              (no ring)

@: no status effects
A: draining touch, unencumbered stealth, fangs 3, nightstalker 1
a: Renounce Religion


You were on level 6 of the Dungeon.
You worshipped Dithmenos.
Dithmenos was noncommittal.
You were not hungry.

You visited 2 branches of the dungeon, and saw 7 of its levels.

You collected 171 gold pieces.

Inventory:

Hand Weapons
 a - a +3 dagger (weapon)
 b - a +0 blowgun
Missiles
 e - 719 poisoned needles
 A - 29 curare-tipped needles {!f}
Armour
 c - a +0 robe (worn)
 d - a +1 cloak (worn)
 o - a +2 pair of gloves of strength (worn)
 x - a +1 hat (worn)
 F - the +1 robe of the Kettle-Drum {*Contam rC- Dex+8 SInv, unknown}
   (You found it on level 5 of the Dungeon)

   It affects your dexterity (+8).
   It makes you vulnerable to cold.
   It lets you see invisible.
   It causes magical contamination when unequipped.
Jewellery
 y - an uncursed ring of fire
 z - a ring of protection from cold (left hand)
Wands
 f - a wand of flame (15)
 g - a wand of enslavement (15)
 n - a wand of scattershot (4)
 v - a wand of polymorph (5)
Scrolls
 j - 2 scrolls of teleportation
 l - 3 scrolls of identify
 t - a scroll of enchant weapon
 D - a scroll of enchant armour
Potions
 i - 2 potions of lignification
 k - a potion of heal wounds {unknown}
 m - a potion of mutation {unknown}
 p - 2 potions of curing
 q - 2 potions of degeneration {unknown}
 r - 2 potions of berserk rage {unknown}
 s - 2 potions of resistance {unknown}
 u - a potion of ambrosia {unknown}
 w - a potion of might {unknown}
 B - 2 potions of agility {unknown}
 C - a potion of magic {unknown}
Comestibles
 h - 4 rations {!d}


   Skills:
 + Level 4.9 Fighting
 + Level 6.6 Short Blades
 - Level 1.5 Throwing
 + Level 4.9 Dodging
 + Level 10.2 Stealth
 + Level 2.0 Invocations
 - Level 2.0 Evocations


You had 7 spell levels left.
You didn't know any spells.
Your spell library contained the following spells:

 Spells                   Type           Power        Failure   Level  Hunger
 Apportation              Tloc           #.....       32%         1    ##.....
 Blink Other              Tloc           #.....       32%         1    ##.....
 Blink                    Tloc           N/A          45%         2    ###....
 Ozocubu's Armour         Chrm/Ice       #.......     69%         3    ####...


Dungeon Overview and Level Annotations

Branches:
Dungeon (6/12)             Temple (1/1) D:5

Altars:
Ashenzari
Dithmenos
Elyvilon
Fedhas
Gozag
Hepliaklqana
Kikubaaqudgha
Lugonu
Makhleb
Nemelex Xobeh
Qazlal
Ru
Sif Muna
Trog
Uskayaw
Vehumet
Wu Jian
Xom
Yredelemnul
The Shining One

Shops:
D:5 :


Innate Abilities, Weirdness & Mutations

Your attacks drain your enemies.
You move stealthily even while encumbered by armour.
You have razor-sharp teeth.
You are slightly more attuned to the shadows.


Message History

* * * LOW HITPOINT WARNING * * *
You hit the two-headed ogre.
The two-headed ogre is severely wounded.
You completely miss the two-headed ogre.
You bite the two-headed ogre.
The two-headed ogre is severely wounded.
The two-headed ogre misses you. The two-headed ogre closely misses you.
You barely miss the two-headed ogre.
The two-headed ogre is severely wounded.
You hit the two-headed ogre but do no damage.
You drain the two-headed ogre. Your bite misses the two-headed ogre.
The two-headed ogre is severely wounded.
The two-headed ogre closely misses you. The two-headed ogre misses you.
You hit the two-headed ogre.
The two-headed ogre is severely wounded.
You hit the two-headed ogre.
The two-headed ogre is severely wounded.
The two-headed ogre completely misses you.
The two-headed ogre hits you with a cursed -2 giant club!
You die...

.. ... ..# #.# #########
#.# #.# ........# #.#
#.####### .####......# #.#
#))†.<...
...........###.####.#######
#.>.......................
#..........#..####.#..###.
#.......O@.#.......##.##
............##.#######.†#
.....#+#.##...........#.##.
..... #.#####.######.#....
.... #.# #.# #.#..#. ....
#.# #.# #.#..# ... #.# #.#
...... #.# ..# #.#.#.. #.#
## #.#..


You could see a two-headed ogre.

Vanquished Creatures
  Grinder (D:4)
  Prince Ribbit (D:5)
  A hippogriff (D:5)
  Sigmund (D:5)
  Menkaure (D:5)
  3 scorpions
  A crimson imp (D:6)
  A bullfrog zombie (D:5)
  A centaur zombie (D:3)
  A centaur skeleton (D:5)
  2 hounds
  An orc priest (D:6)
  A bullfrog skeleton (D:4)
  Natasha (thrice) (D:4)
  3 gnolls (D:5)
  7 adders
  A howler monkey skeleton (D:3)
  An ooze (D:1)
  An adder skeleton (D:5)
  2 dart slugs
  3 worms
  2 leopard geckos
  13 orcs
  3 giant cockroaches
  2 goblins
  5 hobgoblins
  5 jackals
  4 quokkas
  A ball python (D:5)
  A bat (D:2)
  4 frilled lizards
  A jackal skeleton (D:5)
  9 kobolds
  6 rats
93 creatures vanquished.

Notes
Turn   | Place    | Note
-------+----------+-------------------------------------------
     0 | D:1      | Freyura the Dusk Walker Rogue began the quest for the Orb.
     0 | D:1      | Reached XP level 1. HP: 11/11 MP: 2/2
   285 | D:1      | Reached XP level 2. HP: 18/18 MP: 3/3
   848 | D:2      | Reached skill level 1 in Fighting
   848 | D:2      | Reached skill level 1 in Dodging
   947 | D:2      | Reached XP level 3. HP: 23/23 MP: 4/4
  1655 | D:3      | Reached skill level 7 in Stealth
  1758 | D:3      | Gained mutation: You are slightly more attuned to the
                  | shadows. [Dusk Walker growth]
  1758 | D:3      | Reached XP level 4. HP: 28/29 MP: 5/5
  1952 | D:3      | Found a faded altar of an unknown god.
  1972 | D:3      | Reached XP level 5. HP: 31/34 MP: 6/6
  2773 | D:4      | Found a blossoming altar of Fedhas.
  2825 | D:4      | Noticed Grinder
  2855 | D:4      | Killed Grinder
  2855 | D:4      | Reached skill level 8 in Stealth
  2855 | D:4      | Reached XP level 6. HP: 25/42 MP: 7/7
  3095 | D:4      | Found a shadowy altar of Dithmenos.
  3103 | D:4      | Became a worshipper of Dithmenos the Shadowed
  3111 | D:4      | Noticed Natasha
  3290 | D:4      | Killed Natasha
  3436 | D:4      | Noticed Natasha
  3525 | D:5      | Entered Level 5 of the Dungeon
  3525 | D:5      | Noticed Prince Ribbit
  3529 | D:5      | Killed Prince Ribbit
  3529 | D:5      | Reached skill level 5 in Short Blades
  3529 | D:5      | Reached skill level 9 in Stealth
  3529 | D:5      | Reached XP level 7. HP: 47/47 MP: 8/8
  3583 | D:5      | Found Ohaaguadgh's Book Boutique.
  3586 | D:5      | Noticed a hippogriff
  3592 | D:5      | Killed a hippogriff
  3771 | D:5      | Gained mutation: You have razor-sharp teeth. [Dusk Walker
                  | growth]
  3771 | D:5      | Reached XP level 8. HP: 49/54 MP: 9/9
  3786 | D:5      | Identified the Guide on Spatial Cold
  3803 | D:5      | Found a staircase to the Ecumenical Temple.
  3809 | Temple   | Entered the Ecumenical Temple
  3939 | D:5      | Noticed Sigmund
  3944 | D:5      | Killed Sigmund
  3944 | D:5      | Reached skill level 1 in Invocations
  3978 | D:5      | Noticed Menkaure
  3995 | D:5      | Killed Menkaure
  3995 | D:5      | Reached skill level 10 in Stealth
  4097 | D:4      | Killed Natasha
  4218 | D:4      | Noticed Natasha
  4229 | D:4      | Killed Natasha
  4295 | D:5      | Got a shadowed robe
  4491 | D:5      | Found a shattered altar of Ashenzari.
  4642 | D:6      | Noticed a two-headed ogre
  4666 | D:6      | Slain by a two-headed ogre

Skill      XL: |  1  2  3  4  5  6  7  8 |
---------------+-------------------------+-----
Fighting       | 1 2 3 4 |  4.9
Dodging        | 1 2 3 4 |  4.9
Short Blades   | 3 4 5 6 |  6.6
Stealth        | 7 8 9 10 | 10.2
Invocations    | 2 |  2.0
Throwing       | |  1.5
Evocations     | |  2.0

Action                   |  1- 3 |  4- 6 |  7- 9 || total
-------------------------+-------+-------+-------++-------
Melee: Dagger            |    66 |   105 |   135 ||   306
       Bite              |     4 |     9 |    18 ||    31
 Fire: Blowgun           |     7 |     7 |     4 ||    18
  Use: Scroll            |       |     9 |       ||     9
       Potion            |       |       |     1 ||     1
 Stab: Sleeping          |    13 |    15 |     5 ||    33
       Distracted        |       |     1 |     1 ||     2
  Eat: Chunk             |     3 |     2 |     3 ||     8
       Ration            |       |     1 |       ||     1
Armor: Robe              |     8 |    14 |    19 ||    41
Dodge: Dodged            |    29 |    41 |    59 ||   129
